 Dungeon Crawl Stone Soup version 0.31-a0-1308-ga3cce3a448 (webtiles) character file.

Game seed: 5874384752478227487

96 mopl the Insei (level 4, -3/29 HPs)
             Began as an Octopode Shapeshifter on Dec 19, 2023.
             Slain by Edmund
             ... wielding a +2 flail of protection
              (10 damage)
             ... on level 4 of the Dungeon.
             The game lasted 00:02:10 (1565 turns).

mopl the Insei (Octopode Shapeshifter)              Turns: 1565, Time: 00:02:11

Health: -3/29      AC:  1    Str: 13    XL:     4   Next: 67%
Magic:  4/4        EV: 13    Int: 12    God:
Gold:   61         SH:  0    Dex: 13    Spells: 3/3 levels left

rFire   . .          .
                       - Unarmed
rCold   . . .        (no shield)
rNeg    . . .        (helmet currently unavailable)
rPois   .            (no amulet)
rElec   .            (no ring)
rCorr   .            (no ring)
SInv    .            (no ring)
Will    .....        (no ring)
Stlth   +++          (no ring)
HPRegen 0.24/turn    (no ring)
MPRegen 0.09/turn    (no ring)
                     (no ring)

%: no passive effects
@: beast-form
A: beast (slay +2), almost no armour, amphibious, 8 rings, camouflage 1,
gelatinous body 1, nimble swimmer 1, tentacles
a: Begin Untransformation


You were on level 4 of the Dungeon.
You were a hulking beast.
You visited 1 branch of the dungeon, and saw 4 of its levels.

You collected 165 gold pieces.
You spent 104 gold pieces at shops.

Inventory:

Missiles
 h - 4 poisoned darts (quivered)
 u - 2 curare-tipped darts
Talismans
 b - a beast talisman
 c - a flux talisman
 s - a maw talisman
Scrolls
 e - 8 scrolls of identify {unknown}
 f - a scroll of fear {unknown}
 g - 2 scrolls of silence {unknown}
 i - 2 scrolls of revelation {unknown}
 k - a scroll of noise {unknown}
 m - a scroll of acquirement {unknown}
 o - a scroll of amnesia {unknown}
 p - a scroll of teleportation {unknown}
 q - a scroll of fog {unknown}
 t - a scroll of enchant weapon {unknown}
Potions
 a - a potion of lignification {!q}
 d - a potion of enlightenment {unknown}
 j - a potion of ambrosia {unknown}
 l - a potion of attraction {unknown}
 n - a potion of haste {unknown}
 r - a potion of curing {unknown}


   Skills:
 + Level 1.9 Fighting
 + Level 2.5 Dodging
 * Level 3.9 Unarmed Combat
 * Level 3.8 Shapeshifting


You had 3 spell levels left.
You didn't know any spells.
Your spell library contained the following spells:

 Spells                   Type           Power      Damage    Failure   Level
 Slow                     Hex            0%         N/A       32%         1
 Confusing Touch          Hex            0%         N/A       69%         3
 Sigil of Binding         Hex            0%         N/A       69%         3
 Vampiric Draining        Necr           0%         2d6       69%         3
 Summon Ice Beast         Ice/Summ       0%         N/A       97%         4
 Summon Mana Viper        Hex/Summ       0%         N/A       100%        5
 Monstrous Menagerie      Summ           0%         N/A       100%        7


Dungeon Overview and Level Annotations

Branches:
Dungeon (4/15)
 Temple: D:4-7

Altars:

Shops:
D:2 (   D:3 *

Annotations:
D:4 Edmund


Innate Abilities, Weirdness & Mutations

You are a hulking beast.
Your limbs bulge with bestial killing power. (Slay +2)
You cannot wear most types of armour.
You are amphibious.
You can wear up to eight rings at the same time.
Your skin changes colour to match your surroundings (Stealth+).
Your rubbery body absorbs attacks. (AC +1, EV +1)
You are camouflaged when in or above water. (Stealth+)
You have tentacles for arms and can constrict up to eight enemies at once.


Message History

Unknown command.
You enter the shallow water.
You throw a poisoned dart. The poisoned dart hits Edmund.
Edmund looks even sicker.
Edmund is lightly wounded.
You hear a splash.
You throw a poisoned dart. The poisoned dart barely misses Edmund.
You tentacle-slap Edmund. Your grab misses Edmund. Your squeeze misses Edmund.
Edmund is moderately wounded.
You tentacle-slap Edmund. Your grab misses Edmund.
Edmund is moderately wounded.
Edmund hits you with a +2 flail of protection.
You tentacle-slap Edmund but do no damage.
You grab Edmund.
Edmund is moderately wounded.
You constrict Edmund, but do no damage.
Edmund splashes around in the water.
You tentacle-slap Edmund but do no damage.
You squeeze Edmund.
Edmund is moderately wounded.
You constrict Edmund. Edmund closely misses you.
You tentacle-slap Edmund but do no damage.
You tentacle-slap Edmund, but do no damage.
You squeeze Edmund, but do no damage.
Edmund is heavily wounded.
You constrict Edmund, but do no damage.
Edmund hits you with a +2 flail of protection!
You tentacle-slap Edmund.
Edmund is heavily wounded.
You constrict Edmund, but do no damage.
Edmund hits you with a +2 flail of protection!
Ouch! That really hurt!
* * * LOW HITPOINT WARNING * * *
You are too injured to fight recklessly!
You tentacle-slap Edmund but do no damage.
You squeeze Edmund.
Edmund is severely wounded.
You constrict Edmund, but do no damage.
Edmund hits you with a +2 flail of protection!
You die...
Edmund says, "That'll show my brother!"

#.##.........
#.##.<# #.##.##
###.##.#
.###.(....#
.(((.P~.~~.###.#
..###♣.(~~......
#.~~@~.#.##.
#..~h~P..#
#.♣~....##
#####...# #####


You could see Edmund (poisoned).

Vanquished Creatures
  2 adders (D:3)
  A worm (D:2)
  3 dart slugs
  An orc (D:3)
  7 endoplasms
  A giant cockroach (D:2)
  7 goblins
  11 hobgoblins
  2 jackals (D:2)
  3 kobolds
  5 quokkas
  4 ball pythons
  7 bats
  2 frilled lizards
  5 rats
61 creatures vanquished.

Notes
Turn   | Place    | Note
-------+----------+-------------------------------------------
     0 | D:1      | mopl the Octopode Shapeshifter began the quest for the Orb.
     0 | D:1      | Reached XP level 1. HP: 13/13 MP: 1/1
    75 | D:1      | Reached XP level 2. HP: 14/18 MP: 2/2
   317 | D:1      | Reached XP level 3. HP: 18/23 MP: 3/3
  1003 | D:2      | Found Gatihot's Antique Weapon Shop.
  1023 | D:2      | Reached XP level 4. HP: 26/29 MP: 4/4
  1156 | D:3      | Found Hameagg Ethi's Assorted Antiques.
  1163 | D:3      | Bought an inky potion for 19 gold pieces
  1163 | D:3      | Bought a scroll labelled XIPIAG BUREFE for 22 gold pieces
  1163 | D:3      | Bought a scroll labelled XIPIAG BUREFE for 22 gold pieces
  1163 | D:3      | Bought a scroll labelled SOUHAP UQITWEGG for 22 gold pieces
  1163 | D:3      | Bought a fizzy emerald potion for 19 gold pieces
  1548 | D:4      | Noticed Edmund
  1565 | D:4      | Slain by Edmund

Illustrated notes

Levels and vault maps discovered:
D:1:      lightli_arrival_statue_moat, layout_loops_cross
D:2:      layout_rooms, serial_shops, shop
D:3:      layout_rooms, serial_shops, shop
D:4:      layout_basic, dancing_weapons_uskayaw, mainiacjoe_overflow_chevrons,
          jmf_multi_god_temple, serial_demonic, serial_demonic_f,
          serial_demonic_a, serial_demonic_f, serial_demonic_c, serial_shops,
          nicolae_inconvenience_store, uniq_blork_the_orc, uniq_edmund

Action                     |  1- 3 |  4- 6 || total
---------------------------+-------+-------++-------
  Melee: Unarmed           |    79 |    36 ||   115
         Tentacles         |    13 |    10 ||    23
         Constrict         |    17 |     5 ||    22
         Punch             |     2 |     1 ||     3
  Throw: Dart              |       |     5 ||     5
   Stab: Sleeping          |     3 |     4 ||     7
 Armour: Skin              |    29 |    14 ||    43
  Dodge: Dodged            |    43 |    11 ||    54

Table legend: (Time is in decaauts)
 A = Elapsed time spent in this place.
 B = Non-inter-level travel time spent in this place.
 C = Inter-level travel time spent in this place.
 D = Time resting spent in this place.
 E = Time spent auto-exploring this place.
 F = Levels seen in this place.
 G = Mean time per level.
                   A        B        C        D        E       F      G
               +--------+--------+--------+--------+--------+-----+--------+
         Total |   1556 |   1509 |     47 |    106 |   1063 |   4 |  389.0 |
       Dungeon |   1556 |   1509 |     47 |    106 |   1063 |   4 |  389.0 |
               +--------+--------+--------+--------+--------+-----+--------+

Top non-repeatable levels by time:
     D:1: 688 daAuts
     D:2: 452 daAuts
     D:3: 391 daAuts
     D:4: 23 daAuts
